 Dungeon Crawl Stone Soup version 0.26-b1-32-g5d43845318 (webtiles) character file.

Game seed: 1730903012785434182

169451 nikku the Warrior (level 17, -4/258 HPs)
             Began as a Minotaur Berserker on Jan 6, 2021.
             Was the Champion of Trog.
             Slain by an emperor scorpion (19 damage)
             ... on level 4 of the Spider Nest on Jan 8, 2021.
             The game lasted 01:15:10 (28128 turns).

nikku the Warrior (Minotaur Berserker)             Turns: 28128, Time: 01:15:11

Health: -4/258     AC: 28    Str: 25 (26) XL:     17   Next: 35%
Magic:  0/16       EV:  2    Int:  4      God:    Trog [******]
Gold:   2573       SH:  0    Dex: 13      Spells: 16/16 levels left

rFire    . . .     SeeInvis .   A - +8 broad axe (drain)
rCold    . . .     Faith    .   V - +1 tower shield
rNeg     + + +     Spirit   +   (armour currently unavailable)
rPois    +         Reflect  .   (helmet currently unavailable)
rElec    .         Harm     .   (cloak currently unavailable)
rCorr    +         Rampage  .   (gloves currently unavailable)
Will     +++..     NoTele   +   (boots currently unavailable)
Stlth    +.........             O - amulet of guardian spirit
HPRegen  1.53/turn              e - ring of resist corrosion
MPRegen  0.15/turn              b - +4 ring of evasion

@: lethally poisoned (-4 -> -4), tree-form, berserk cooldown, held,
regenerating, slowed, very slow
A: (retaliatory headbutt)
a: Renounce Religion, Berserk, Trog's Hand, Brothers in Arms


You were on level 4 of the Spider Nest.
You worshipped Trog.
Trog was exalted by your worship.
You were a tree.
You visited 4 branches of the dungeon, and saw 27 of its levels.
You also visited: Ossuary and Bailey.

You collected 2839 gold pieces.
You spent 266 gold pieces at shops.

Inventory:

Hand Weapons
 A - a +8 broad axe of draining (weapon)
 Q - a +3 antimagic broad axe
Armour
 i - a +2 cloak (melded)
 z - a +1 plate armour (melded)
 F - a +2 pair of gloves (melded)
 N - a +2 hat of willpower (melded)
 V - a +1 tower shield (worn)
Jewellery
 b - a +4 ring of evasion (right branch)
 e - a ring of resist corrosion (left branch)
 O - an amulet of guardian spirit (around neck)
Wands
 c - a wand of polymorph (15)
 h - a wand of acid (5)
 n - a wand of flame (18) (quivered)
 p - a wand of paralysis (12)
 r - a wand of iceblast (10)
 C - a wand of digging (8)
 R - a wand of disintegration (13)
Scrolls
 a - a scroll of torment
 f - 5 scrolls of immolation
 g - 12 scrolls of teleportation
 j - 6 scrolls of blinking
 l - 6 scrolls of identify
 x - 2 scrolls of fog
 B - 3 scrolls of fear
 I - 3 scrolls of magic mapping
 J - a scroll of summoning
 M - 7 scrolls of remove curse
Potions
 d - 6 potions of might
 k - 3 potions of haste
 o - 11 potions of curing
 q - 10 potions of lignification
 t - 3 potions of resistance
 v - 4 potions of attraction
 w - 8 potions of ambrosia
 D - 4 potions of mutation
 H - 7 potions of flight
 K - 2 potions of cancellation
Miscellaneous
 m - a tin of tremorstones (2/2)
 u - a condenser vane
 G - a phial of floods
 P - a condenser vane


   Skills:
 + Level 20.8 Fighting
 + Level 19.7 Axes
 - Level 16.5 Armour
 - Level 2.1 Dodging
 + Level 12.1 Shields
 + Level 7.0 Evocations


You had 16 spell levels left.
You didn't know any spells.
Your spell library was empty.

Dungeon Overview and Level Annotations

Branches:
Dungeon (15/15)            Temple (0/1) D:6            Lair (6/6) D:10
  Swamp (0/4) Lair:3       Spider (4/4) Lair:2        Slime (0/5) Lair:6
    Orc (2/2) D:10            Elf (0/3) Orc:2        Vaults (0/5) D:14
 Depths (0/5) D:15        Ossuary (visited)          Bailey (visited)

Altars:
Cheibriados
Dithmenos
Elyvilon
Gozag
Hepliaklqana
Kikubaaqudgha
Makhleb
Qazlal
Ru
Trog
Xom
Zin
The Shining One
Beogh

Shops:
D:4 *   D:10 :   D:11 *   D:15 (   Orc:1 (   Orc:2 (:!:

Annotations:
Spider:4 Arachne


Innate Abilities, Weirdness & Mutations

((You reflexively headbutt those who attack you in melee.))
((You have a pair of horns on your head.))


Message History

Your +2 pair of gloves melds into your body.
Your +1 plate armour melds into your body.
You feel less strong-willed.
Your roots penetrate the ground.
You feel sick.
The emperor scorpion stings you but does no damage.
The emperor scorpion claws you but does no damage.
The emperor scorpion barely misses you.
Arachne stares at you and mumbles some strange words.
You block the poison arrow.
You block the emperor scorpion's attack. x2
The emperor scorpion claws you!
* * * LOW HITPOINT WARNING * * *
Something hits you but does no damage. Something hits you.
* * * LOW HITPOINT WARNING * * *
Something completely misses you. You block the moth of wrath's attack.
Arachne points her staff at you, shooting a stream of webbing.
The stream of webbing hits you but does no damage.
You are caught in a web!
The orb spider weaves a glowing orb of energy.
The emperor scorpion stings you!!
You die...

^.. #... ... ...# ##
..... .. ^...## ##.#
....^ .. ..^....##...
#^^.###^###...#.......
##.s.#.^.#...###^)...#
.#..s*.........#.^....##
.^....{s^.^...........'†
#
.^....†♣..H.^.........'^
##
.......y.^......^.....'.
.#
.#....^........#......##
.##
##...#^.^#..^###^..^.##
..#
#^..###.###.^^#........
..#
..^...#...#........##...
.##.#
.^....^.....^^...#####.#
## .#
#..^^.).........### ###
.# [##
##.^..^###†.......####..


You could see Arachne (drained), an emperor scorpion (berserk, drained), a moth
of wrath (drained) and 2 orb spiders.

Vanquished Creatures
  Frances (Spider:1)
  Gastronok (D:8)
  3 ghost moths
  4 emperor scorpions
  An orc warlord (Orc:2)
  Louise (D:14)
  A stone giant (Orc:2)
  3 entropy weavers
  A fire dragon (D:11)
  10 slime creatures
  Harold (D:7)
  7 hydras
  Erica (D:8)
  6 boulder beetles
  7 two-headed ogres
  A death knight (D:14)
  5 centaur warriors
  3 catoblepae
  An ogre mage (D:14)
  6 death yaks
  A deep troll shaman (Lair:6)
  A queen ant (Lair:5)
  3 orc high priests (Orc:2)
  Nergalle (Lair:2)
  A skeletal warrior (D:14)
  A fire crab (shapeshifter) (D:15)
  3 unseen horrors
  A wizard (D:15)
  8 orc knights
  2 deep elf magi
  A deep elf archer (D:15)
  8 wolf spider zombies (Spider:2)
  5 orc sorcerers
  13 orb spiders
  2 necromancers
  4 ugly things
  25 wolf spiders
  2 cyclopes
  2 manticores
  9 elephants (Lair:6)
  2 moths of wrath (Spider:3)
  5 black mambas
  Psyche (D:11)
  2 naga magi (D:15)
  13 cane toads
  3 gargoyles
  4 torpor snails
  7 komodo dragons
  3 rime drakes
  An efreet (D:12)
  7 redback zombies
  A yaktaur (shapeshifter) (D:14)
  11 demonic crawlers
  A queen bee (Lair:2)
  A polar bear (Lair:5)
  36 jumping spiders
  8 hornets
  9 trolls
  3 meliai (Spider:3)
  7 tarantella zombies (Spider:2)
  13 blink frogs
  A meliai zombie (D:15)
  76 redbacks
  A shadow (D:12)
  A centaur simulacrum (D:15)
  74 yaks
  Sigmund (D:3)
  20 tarantellas
  5 wyverns
  2 basilisks
  3 wraiths
  A steam dragon (D:8)
  24 soldier ants (Lair:5)
  5 wargs
  20 water moccasins
  An ice beast (D:14)
  42 orc warriors
  A swamp drake (Lair:3)
  2 sky beasts (D:11)
  5 black bears
  A hornet zombie (D:15)
  12 ogres
  3 phantoms
  The ghost of KappaVara the Cudgeller, an amateur DsGl (D:4)
  A boggart (D:14)
  19 centaurs
  7 wolves
  17 bullfrogs
  8 big kobolds
  2 elf zombies (Ossuary)
  A gnoll sergeant (D:6)
  A wyvern zombie (D:7)
  A wyvern skeleton (D:14)
  3 scorpions
  27 wights
  23 killer bees (Lair:2)
  6 electric eels
  A bullfrog zombie (D:13)
  4 centaur zombies
  2 quasits
  29 orc priests
  9 jellies
  8 hounds
  35 orc wizards
  2 human zombies (Ossuary)
  6 bullfrog skeletons
  7 centaur skeletons
  Jessica (D:2)
  Natasha (thrice) (D:2)
  Terence (D:2)
  5 iguanas
  30 worker ants
  2 hell rats (D:12)
  A big kobold zombie (Ossuary)
  2 hound zombies
  A hound skeleton (D:4)
  2 mummies (Ossuary)
  9 gnolls
  A howler monkey skeleton (D:8)
  4 river rats (D:12)
  9 adders
  2 shadow imps
  4 white imps
  12 oozes
  2 ufetubi
  An adder skeleton (D:7)
  2 adder zombies
  2 dart slugs
  10 leopard geckos
  115 orcs
  3 ball pythons (D:12)
  11 giant cockroaches
  7 goblins
  12 hobgoblins
  5 jackals
  4 quokkas
  5 bats
  2 frilled lizards
  A goblin zombie (Ossuary)
  10 hobgoblin zombies (Ossuary)
  A jackal zombie (Ossuary)
  26 kobolds
  6 kobold zombies (Ossuary)
  9 orc zombies (Ossuary)
  A quokka zombie (D:8)
  15 rats
  2 rat zombies (Ossuary)
1157 creatures vanquished.

Vanquished Creatures (collateral kills)
  A black mamba (Lair:4)
  A komodo dragon (Lair:4)
2 creatures vanquished.

Vanquished Creatures (others)
  A water moccasin (Lair:3)
  16 fungi
  21 plants
38 creatures vanquished.

Grand Total: 1197 creatures vanquished

Notes
Turn   | Place    | Note
-------+----------+-------------------------------------------
     0 | D:1      | nikku the Minotaur Berserker began the quest for the Orb.
     0 | D:1      | Reached XP level 1. HP: 19/19 MP: 0/0
   282 | D:1      | Reached XP level 2. HP: 22/27 MP: 1/1
   488 | D:1      | Reached skill level 4 in Fighting
   760 | D:2      | Found a stormy altar of Qazlal.
   761 | D:2      | Noticed Natasha
   769 | D:2      | Killed Natasha
   770 | D:2      | Reached XP level 3. HP: 28/34 MP: 2/2
   848 | D:2      | Noticed Natasha
   856 | D:2      | Reached skill level 1 in Shields
   861 | D:2      | Killed Natasha
   862 | D:2      | Reached XP level 4. HP: 9/41 MP: 3/3
   874 | D:2      | Noticed Natasha
   884 | D:2      | Killed Natasha
   984 | D:2      | Reached ** piety under Trog
  1204 | D:2      | Found a glowing silver altar of Zin.
  1205 | D:2      | Found a bloodstained altar of Trog.
  1220 | D:2      | Noticed Terence
  1223 | D:2      | Killed Terence
  1224 | D:2      | Reached skill level 5 in Fighting
  1261 | D:2      | Reached XP level 5. HP: 48/48 MP: 4/4
  1301 | D:2      | Noticed Jessica
  1310 | D:2      | Killed Jessica
  1688 | D:2      | Found a shadowy altar of Dithmenos.
  2031 | D:3      | Noticed Sigmund
  2080 | D:3      | Killed Sigmund
  2081 | D:3      | Reached skill level 6 in Fighting
  2081 | D:3      | Reached skill level 5 in Axes
  2081 | D:3      | Reached XP level 6. HP: 55/57 MP: 5/5
  2413 | D:3      | Found a white marble altar of Elyvilon.
  2702 | D:4      | Reached *** piety under Trog
  3030 | D:4      | Found a large runed translucent door.
  3031 | D:4      | Found a large runed translucent door.
  3033 | D:4      | Noticed KappaVara's ghost (amateur DsGl)
  3113 | D:4      | Found a sand-covered staircase.
  3125 | Ossuary  | Entered an ossuary
  3137 | Ossuary  | Reached XP level 7. HP: 64/64 MP: 6/6
  3207 | Ossuary  | Reached skill level 5 in Armour
  3207 | Ossuary  | Reached **** piety under Trog
  3209 | Ossuary  | Reached skill level 7 in Fighting
  3533 | D:4      | Found Ussamaph's Assorted Antiques.
  3723 | D:4      | Killed KappaVara's ghost
  3754 | D:5      | Entered Level 5 of the Dungeon
  3793 | D:5      | Reached XP level 8. HP: 74/74 MP: 7/7
  3806 | D:5      | Reached skill level 8 in Fighting
  4112 | D:5      | Reached skill level 5 in Shields
  4526 | D:6      | Found a staircase to the Ecumenical Temple.
  4584 | D:6      | Reached skill level 9 in Fighting
  4890 | D:6      | Reached XP level 9. HP: 81/84 MP: 8/8
  5004 | D:6      | Found an opulent altar of Gozag.
  5601 | D:7      | Noticed Harold
  5622 | D:7      | Killed Harold
  5623 | D:7      | Reached skill level 10 in Fighting
  5745 | D:7      | Found the +7 Spriggan's Knife {stab, EV+4 Stlth+}
  5835 | D:7      | Found a glowing golden altar of the Shining One.
  6077 | D:7      | Found a snail-covered altar of Cheibriados.
  6111 | D:7      | Found a burning altar of Makhleb.
  6173 | D:7      | Found a hazy altar of Hepliaklqana.
  6208 | D:8      | Noticed Erica
  6233 | D:8      | Killed Erica
  6234 | D:8      | Reached skill level 11 in Fighting
  6234 | D:8      | Reached XP level 10. HP: 32/96 MP: 9/9
  6638 | D:8      | Noticed Gastronok
  6657 | D:8      | Killed Gastronok
  6658 | D:8      | Reached skill level 12 in Fighting
  6823 | D:8      | Found a shimmering altar of Xom.
  7741 | D:9      | Found an ancient bone altar of Kikubaaqudgha.
  8357 | D:10     | Entered Level 10 of the Dungeon
  8398 | D:10     | Noticed a two-headed ogre
  8409 | D:10     | Killed a two-headed ogre
  8410 | D:10     | Reached skill level 10 in Axes
  8433 | D:10     | Reached XP level 11. HP: 72/106 MP: 10/10
  8474 | D:10     | Reached skill level 10 in Armour
  8474 | D:10     | Found a staircase to the Lair.
  8779 | D:10     | Found Wekuji's Book Shop.
  8877 | D:10     | Found a staircase to the Orcish Mines.
  8889 | D:10     | Reached skill level 13 in Fighting
  9124 | D:11     | Reached ***** piety under Trog
  9186 | D:11     | Noticed a boulder beetle
  9217 | D:11     | Killed a boulder beetle
  9403 | D:11     | Noticed a fire dragon
  9418 | D:11     | Killed a fire dragon
  9561 | D:11     | Found Wikethiv's Assorted Antiques.
  9566 | D:11     | Bought a scroll of remove curse for 84 gold pieces
  9566 | D:11     | Bought a glowing war axe for 182 gold pieces
  9641 | D:11     | Noticed Psyche
  9649 | D:11     | Killed Psyche
  9663 | D:11     | Found a flagged portal.
  9674 | Bailey   | Entered a bailey
  9694 | Bailey   | Noticed an orc knight
  9707 | Bailey   | Killed an orc knight
  9842 | Bailey   | Noticed an orc knight
  9852 | Bailey   | Killed an orc knight
  9859 | Bailey   | Received a gift from Trog
 10552 | Lair:1   | Entered Level 1 of the Lair of Beasts
 10735 | Lair:1   | Reached skill level 14 in Fighting
 10946 | Lair:1   | Reached XP level 12. HP: 117/117 MP: 11/11
 11049 | Lair:1   | Got a bloodstained buckler
 11073 | Lair:1   | Identified the +1 buckler "Heeriof" {rF- rC+ Regen+ Stlth+}
                  | (You found it on level 1 of the Lair of Beasts)
 11124 | Lair:1   | Noticed an eight-headed hydra
 11132 | Lair:1   | Killed an 11-headed hydra
 11260 | Lair:1   | Found a runed translucent door.
 11281 | Lair:1   | Noticed a boulder beetle
 11282 | Lair:1   | Noticed a boulder beetle
 11290 | Lair:1   | Killed a boulder beetle
 11294 | Lair:1   | Killed a boulder beetle
 11725 | Lair:2   | Noticed Nergalle
 11733 | Lair:2   | Killed Nergalle
 12208 | Lair:2   | Found a hole to the Spider Nest.
 12243 | Lair:2   | Reached skill level 15 in Fighting
 12626 | Lair:2   | You fall into a shaft and drop 2 floors!
 12626 | Lair:4   | Noticed a six-headed hydra
 12636 | Lair:4   | Killed an 11-headed hydra
 12872 | Lair:3   | Found a staircase to the Swamp.
 13204 | Lair:3   | Reached XP level 13. HP: 106/127 MP: 10/12
 13962 | Lair:4   | You fall into a shaft and drop 2 floors!
 13962 | Lair:6   | Entered Level 6 of the Lair of Beasts
 14509 | Lair:4   | Reached skill level 16 in Fighting
 14922 | Lair:5   | Noticed an entropy weaver
 14940 | Lair:5   | Killed an entropy weaver
 14953 | Lair:5   | Received a gift from Trog
 15026 | Lair:5   | Noticed an entropy weaver
 15034 | Lair:5   | Killed an entropy weaver
 15331 | Lair:5   | Reached skill level 15 in Axes
 15620 | Lair:5   | Reached skill level 15 in Armour
 16141 | Lair:6   | Reached XP level 14. HP: 138/138 MP: 13/13
 16301 | Lair:6   | Reached skill level 17 in Fighting
 16497 | Lair:6   | Found a staircase to the Slime Pits.
 17309 | Orc:1    | Entered Level 1 of the Orcish Mines
 17385 | Orc:1    | Found Nomifemoss's Weapon Shop.
 17393 | Orc:1    | Received a gift from Trog
 17941 | Orc:2    | Entered Level 2 of the Orcish Mines
 18229 | Orc:2    | Noticed an orc warlord
 18245 | Orc:2    | Killed an orc warlord
 18537 | Orc:2    | Found a staircase to the Elven Halls.
 18581 | Orc:2    | Noticed a stone giant
 18592 | Orc:2    | Killed a stone giant
 18593 | Orc:2    | Reached skill level 18 in Fighting
 18795 | Orc:2    | Found a roughly hewn altar of Beogh.
 19050 | Orc:2    | Found Ivodev's Book Emporium.
 19053 | Orc:2    | Received a gift from Trog
 19110 | Orc:2    | Reached XP level 15. HP: 119/149 MP: 3/14
 19200 | Orc:2    | Found Kaequm's Book Shop.
 19204 | Orc:2    | Found Xipretub's Distillery.
 19211 | Orc:2    | Found Coill's Weapon Emporium.
 19256 | Orc:2    | Found a shimmering altar of Xom.
 19822 | D:12     | Reached ****** piety under Trog
 20762 | D:12     | Received a gift from Trog
 21230 | D:13     | Reached skill level 19 in Fighting
 22123 | D:14     | Found a gate to the Vaults.
 22176 | D:14     | Noticed Louise
 22193 | D:14     | Killed Louise
 22303 | D:14     | Reached skill level 1 in Evocations
 22488 | D:14     | Found a sacrificial altar of Ru.
 22493 | D:14     | Received a gift from Trog
 22823 | D:15     | Entered Level 15 of the Dungeon
 22825 | D:15     | Found Jien Fapt's Weapon Emporium.
 23679 | D:15     | Found a staircase to the Depths.
 23696 | D:15     | Reached XP level 16. HP: 162/162 MP: 15/15
 24110 | Spider:1 | Entered Level 1 of the Spider Nest
 24427 | Spider:1 | Noticed Frances
 24444 | Spider:1 | Killed Frances
 24695 | Spider:1 | Reached skill level 20 in Fighting
 24710 | Spider:1 | Received a gift from Trog
 25466 | Spider:2 | Reached skill level 10 in Shields
 25998 | Spider:2 | Reached skill level 5 in Evocations
 26655 | Spider:3 | Received a gift from Trog
 27080 | Spider:4 | Entered Level 4 of the Spider Nest
 27234 | Spider:4 | Reached XP level 17. HP: 161/171 MP: 14/16
 27543 | Spider:4 | Received a gift from Trog
 28105 | Spider:4 | Noticed Arachne
 28128 | Spider:4 | Slain by an emperor scorpion

Illustrated notes

Levels and vault maps discovered:
D:1:      sevenhm_arrival_forest_fort_small_4, layout_basic
D:2:      layout_loops_cross, overflow_temple_1_default,
          grunt_temple_overflow_open, grunt_qazlal_clouds, uniq_natasha,
          uniq_terence, uniq_jessica
D:3:      cheibrodos_helix_gallery, layout_basic, general_overflow_altar,
          uniq_sigmund
D:4:      layout_loops_ring, ebering_ghost_disaster_area, serial_shops, shop,
          nicolae_ossuary_entry_monument, nrook_uturn, minmay_strange_pillars
D:5:      layout_rooms
D:6:      layout_layer_cave, lemuel_coloured_pillars_altar,
          minmay_temple_entry_glass
D:7:      layout_rooms, marbit_many_paths, kennysheep_mini_moat,
          kennysheep_mini, lemuel_crystal_altar, uniq_harold
D:8:      minmay_chambers_of_fours, layout_basic, brannock_xom_greatest_gift,
          uniq_gastronok, uniq_erica
D:9:      layout_basic, kiku_gazebo_garden_becter
D:10:     layout_basic, erik_lair_island, david_orc_2, serial_shops,
          nicolae_shop_temple_entry_statues_fountains
D:11:     dragon1_lemuel, layout_loops_ring, serial_shops, shop_fountains,
          enter_bailey_7, item_on_display_a, uniq_psyche
D:12:     layout_basic, hangedman_parallel_progression
D:13:     layout_long_grid, minmay_misc_feat_secret_circle
D:14:     layout_gridville, hangedman_vaults_entry_quadrant_bands,
          wad_floor_pattern_untrapped, basic_altar,
          kennysheep_opposing_triangles, uniq_louise
D:15:     grunt_enter_depths_magical_seal, layout_irregular_city,
          minmay_misc_feat_doors, serial_shops, shop
Lair:1:   gammafunk_indiana_jones, layout_gridlike, fungi_pond_lemuel
Lair:2:   layout_layer_cave, spider_nest_entry_rubble, special_room
          [special_room_bee], serial_rivers, chequers_serial_rivers_small_b,
          chequers_serial_rivers_micro_d, chequers_serial_rivers_small_b,
          chequers_serial_rivers_large_b, chequers_serial_rivers_room_b,
          chequers_serial_rivers_small_b, infiniplex_staircase_pool,
          uniq_nergalle
Lair:3:   nzn_winding_woodlands_small
          [nzn_winding_woodlands_5x15_river_crossing,
          nzn_winding_woodlands_center_garden,
          nzn_winding_woodlands_5x15_cabin], layout_gridlike,
          minmay_swamp_entry_reptiles
Lair:4:   layout_cave_pods
Lair:5:   layout_regular_city, lookout_lair_type, minivault_29,
          serial_bayou_shore_b
Lair:6:   grunt_lair_end_beastmaster, layout_gridlike,
          nicolae_slime_entry_slimehenge
Spider:1: layout_spider_delve, hangedman_spider_tarantella_strand, uniq_frances
Spider:2: lemuel_spider_zombies, drop_trap
Spider:3: nicolae_spider_mines_3, nicolae_spider_nook
Spider:4: johnstein_spider_rune_arachne_lair, hangedman_spider_mandibles
Orc:1:    layout_diamond_mine, serial_shops, shop, nicolae_orc_pool_cavern
Orc:2:    st_orc_elflike, layout_diamond_mine, basic_altar,
          david_defended_altar_orc

Skill      XL: |  1  2  3  4  5  6  7  8  9 10 11 12 13 14 15 16 17 |
---------------+----------------------------------------------------+-----
Fighting       | 4 5 6 7 9 11 12 14 15 16 18 19 20 | 20.8
Axes           | 4 5 6 7 8 10 12 13 15 16 18 19 | 19.7
Armour         | 3 4 5 6 8 9 11 13 15 16 | 16.5
Shields        | 1 3 4 5 7 8 9 11 12 | 12.1
Evocations     | 2 6 7 |  7.0
Dodging        | |  2.1

Action                   |  1- 3 |  4- 6 |  7- 9 | 10-12 | 13-15 | 16-18 || total
-------------------------+-------+-------+-------+-------+-------+-------++-------
Melee: Hand axe          |    48 |   153 |   111 |       |       |       ||   312
       Headbutt          |     4 |    29 |    67 |   106 |   218 |   146 ||   570
       War axe           |       |       |   204 |   368 |       |       ||   572
       Broad axe         |       |       |       |   209 |  1088 |   615 ||  1912
Throw: Dart              |       |       |       |     8 |       |       ||     8
Invok: Berserk           |       |     2 |     7 |    13 |    11 |     2 ||    35
       Trog's Hand       |       |     3 |     7 |    18 |    23 |     8 ||    59
       Brothers in Arms  |       |       |       |     1 |       |       ||     1
Evoke: Wand              |       |       |       |       |       |     8 ||     8
  Use: Scroll            |     6 |     3 |     8 |    18 |     6 |     6 ||    47
       Potion            |       |       |       |       |     6 |     1 ||     7
 Stab: Petrified         |       |       |       |       |     4 |       ||     4
       Petrifying        |       |       |       |       |     1 |       ||     1
Armor: Animal skin       |    12 |     2 |       |       |       |       ||    14
       Chain mail        |       |    67 |   199 |    38 |       |       ||   304
       Plate armour      |       |       |       |   310 |   510 |   378 ||  1198
       Skin              |       |       |       |       |       |     3 ||     3
Dodge: Dodged            |    36 |    56 |   122 |   331 |   468 |   187 ||  1200
Block: Buckler           |       |    32 |    58 |   272 |   331 |       ||   693
       Tower shield      |       |       |       |       |    96 |   633 ||   729
